AoeStats
← Bonea

Lombardia

507949912Analyzed
4v4 RM · 11d ago on Sep 20, 2026· 50m 2s· 8 players
Game mode
Random Map
Map size
Large (8 player)
Population
200
Speed
Normal
Resources
Standard
Victory
Conquest
Starting age
Dark Age
Ending age
Imperial Age
RankedLock teamsTeams togetherTeam positionsShared explorationLock speedFull tech treeHidden civsTurbo modeCheats
Victory
Defeat
🇬🇧 Bengalis · United Kingdom
1400
+12
🇭🇰 Ethiopians · Hong Kong SAR China
1394
+13
🇪🇸 Inca · Spain
1355
+14
🇷🇺 Bulgarians · Russia
1316
+16
🇹🇼 Bohemians · Taiwan
1359
-15
🇹🇼 Cumans · Taiwan
1333
-14
🇨🇳 Burgundians · China
1292
-13
🇨🇳 Slavs · China
1291
-13
TdB.victor2.01
7:02 Loom
9:42 Feudal Age
10:39 Double-Bit Axe
12:13 Champi Runner
15:24 Forging
16:51 Scale Mail Armor
16:46 Horse Collar
23:00 Wheelbarrow
24:58 Castle Age
24:21 Arson
26:19 Champi Warrior
29:02 Chain Mail Armor
32:09 Squires
33:21 Iron Casting
35:24 Heavy Plow
35:34 Bow Saw
43:54 Imperial Age
43:33 Hand Cart
44:45 Fabric Shields
45:06 Conscription
45:55 Conscription
46:11 Elite Kamayuk
48:31 Plate Mail Armor
49:02 Blast Furnace
48:43 Elite Champi Warrior
smithy10w
6:34 Loom
9:52 Feudal Age
10:51 Horse Collar
12:54 Wheelbarrow
17:52 Castle Age
18:43 Double-Bit Axe
18:59 Heavy Plow
20:05 Bow Saw
23:54 Hand Cart
25:20 Town Watch
26:51 Gold Mining
30:11 Imperial Age
29:25 Gold Shaft Mining
29:16 Ballistics
28:38 Treadmill Crane
28:53 Fletching
29:50 Husbandry
30:00 Bloodlines
30:01 Bodkin Arrow
30:39 Padded Archer Armor
31:04 Masonry
30:46 Stone Mining
31:21 Bracer
30:43 Elite Elephant Archer
32:20 Paiks
32:36 Conscription
35:15 Chemistry
34:55 Architecture
34:58 Siege Engineers
35:51 Guilds
36:12 Coinage
35:42 Caravan
35:32 Siege Elephant
40:00 Banking
40:02 Architecture
39:27 Murder Holes
39:43 Fortified Wall
44:42 Two-Man Saw
45:22 Leather Archer Armor
50:00 Crop Rotation
50:31 Guard Tower
50:27 Arrowslits
Абэма
7:04 Loom
9:33 Feudal Age
11:32 Forging
11:08 Horse Collar
20:43 Castle Age
19:24 Scale Barding Armor
20:01 Bloodlines
21:59 Husbandry
21:20 Light Cavalry
24:48 Chain Barding Armor
26:07 Double-Bit Axe
26:49 Heavy Plow
32:29 Wheelbarrow
33:00 Bow Saw
34:24 Iron Casting
36:05 Hand Cart
36:59 Stone Mining
37:00 Gold Mining
40:23 Imperial Age
40:31 Masonry
40:47 Ballistics
41:39 Plate Barding Armor
40:27 Cavalier
42:18 Blast Furnace
42:06 Stirrups
42:34 Conscription
47:43 Bagains
47:52 Bagains
47:48 Gambesons
48:03 Squires
49:11 Arson
jardan1234
8:26 Loom
11:07 Feudal Age
15:14 Castle Age
13:28 Double-Bit Axe
15:19 Horse Collar
16:37 Bow Saw
16:29 Heavy Plow
25:28 Wheelbarrow
27:16 Hand Cart
26:43 Crossbowman
27:16 Fletching
28:26 Town Watch
29:55 Gold Mining
32:59 Imperial Age
30:36 Town Patrol
30:36 Bodkin Arrow
31:29 Padded Archer Armor
31:57 Ballistics
32:25 Thumb Ring
32:38 Leather Archer Armor
32:51 Caravan
33:34 Scale Mail Armor
33:45 Forging
34:15 Fortified Wall
35:06 Chemistry
33:29 Arbalester
33:30 Elite Skirmisher
34:11 Bracer
34:42 Ring Archer Armor
34:48 Ring Archer Armor
35:32 Gold Shaft Mining
34:31 Capped Ram
35:25 Siege Ram
36:52 Masonry
36:13 Halberdier
38:44 Two-Man Saw
38:07 Chain Mail Armor
38:27 Iron Casting
37:56 Squires
39:12 Conscription
38:17 Elite Shotel Warrior
42:00 Plate Mail Armor
42:31 Blast Furnace
45:37 Torsion Engines
45:37 Royal Heirs
46:43 Scale Barding Armor
48:36 Sappers
lightslee
10:44 Feudal Age
11:45 Double-Bit Axe
16:00 Castle Age
16:45 Scale Mail Armor
17:25 Bow Saw
17:56 Horse Collar
19:23 Loom
22:47 Wheelbarrow
23:43 Fervor
24:35 Hand Cart
26:30 Heavy Plow
28:16 Forging
34:09 Imperial Age
31:26 Pikeman
32:06 Squires
32:22 Chain Mail Armor
33:23 Iron Casting
33:03 Fletching
37:27 Imperial Age
38:39 Plate Mail Armor
37:31 Halberdier
39:12 Blast Furnace
40:39 Town Watch
40:54 Bodkin Arrow
41:47 Conscription
42:19 Elite Hussite Wagon
43:34 Siege Engineers
Dean
1:51 Loom
2:13 Loom
11:24 Feudal Age
16:42 Castle Age
19:28 Double-Bit Axe
21:40 Horse Collar
23:21 Bow Saw
24:28 Wheelbarrow
25:23 Heavy Plow
25:45 Gold Mining
26:42 Town Watch
29:07 Stone Mining
31:08 Hand Cart
37:21 Imperial Age
34:48 Fletching
34:59 Padded Archer Armor
35:36 Steppe Husbandry
35:35 Bodkin Arrow
36:36 Gold Shaft Mining
36:15 Town Patrol
36:55 Leather Archer Armor
38:28 Conscription
38:30 Forging
38:12 Elite Kipchak
39:47 Ring Archer Armor
44:32 Iron Casting
43:43 Elite Steppe Lancer
44:35 Bloodlines
45:10 Scale Barding Armor
46:42 Blast Furnace
46:53 Chain Barding Armor
psrycc
0:33 Loom
12:07 Feudal Age
12:44 Wheelbarrow
11:59 Double-Bit Axe
14:08 Bow Saw
13:57 Gold Mining
15:05 Man-at-Arms
16:58 Horse Collar
19:54 Fletching
23:00 Castle Age
21:30 Heavy Plow
21:26 Stone Mining
28:16 Two-Man Saw
27:36 Hand Cart
28:48 Crop Rotation
30:57 Gold Shaft Mining
32:22 Forging
37:03 Imperial Age
35:20 Husbandry
34:42 Cavalier
35:30 Scale Barding Armor
36:00 Iron Casting
35:21 Light Cavalry
37:24 Chain Barding Armor
37:43 Stone Shaft Mining
37:26 Burgundian Vineyards
37:32 Paladin
37:35 Hussar
39:09 Conscription
39:53 Guilds
43:04 Plate Barding Armor
43:30 Blast Furnace
45:07 Pikeman
45:48 Squires
45:34 Arson
Bonea
12:07 Feudal Age
16:31 Castle Age
14:17 Loom
21:21 Town Watch
28:25 Wheelbarrow
28:46 Bloodlines
29:33 Husbandry
31:18 Scale Barding Armor
31:24 Forging
34:26 Imperial Age
34:17 Hand Cart
35:58 Chain Barding Armor
35:58 Elite Boyar
37:07 Conscription
40:20 Scale Mail Armor
40:58 Plate Barding Armor
40:58 Iron Casting
41:22 Scale Mail Armor
46:15 Pikeman
46:55 Squires
47:12 Chain Mail Armor
47:00 Halberdier
48:44 Plate Mail Armor
49:47 Blast Furnace
Connection lost

Rejoining the realm…

Still unreachable

The connection could not be restored.

Session expired

The server has moved on; the page needs a fresh start.